 Dungeon Crawl Stone Soup version 0.26-a0-812-g31a745ddcd (webtiles) character file.

Game seed: 13395383386938303304

203 HunterMK the Chopper (level 5, -5/45 HPs)
             Began as a Hill Orc Fighter on Nov 27, 2020.
             Killed by nerve-wracking pain
             ... invoked by Grinder
              (13 damage)
             ... on level 3 of the Dungeon.
             The game lasted 00:02:57 (1919 turns).

HunterMK the Chopper (Hill Orc Fighter)             Turns: 1919, Time: 00:02:58

Health: -5/45      AC:  8    Str: 20    XL:     5   Next: 81%
Magic:  5/5        EV:  7    Int:  8    God:
Gold:   120        SH:  9    Dex: 10    Spells: 4/4 levels left

rFire    . . .     SeeInvis .   a - +0 war axe
rCold    . . .     Faith    .   c - +0 kite shield
rNeg     . . .     Spirit   .   b - +0 scale mail
rPois    .         Reflect  .   (no helmet)
rElec    .         Harm     .   (no cloak)
rCorr    .         Rampage  .   j - +0 pair of gloves
MR       .....                  (no boots)
Stlth    ..........             (no amulet)
HPRegen  0.15/turn              (no ring)
MPRegen  0.09/turn              (no ring)

@: no status effects
A: no striking features
a: no special abilities


You were on level 3 of the Dungeon.
You visited 1 branch of the dungeon, and saw 3 of its levels.

You collected 120 gold pieces.

Inventory:

Hand Weapons
 a - a +0 war axe (weapon)
Armour
 b - a +0 scale mail (worn)
 c - a +0 kite shield (worn)
 j - a +0 pair of gloves (worn)
Scrolls
 e - 2 scrolls of magic mapping {unknown}
 f - 4 scrolls of identify {unknown}
 i - 2 scrolls of enchant armour {unknown}
 n - a scroll of enchant weapon {unknown}
 o - a scroll of fear {unknown}
 p - a scroll of immolation {unknown}
 s - a scroll of remove curse {unknown}
 t - a scroll of fog {unknown}
 u - 3 scrolls of amnesia {unknown}
Potions
 d - 2 potions of might
 g - 4 potions of curing {unknown}
 h - a potion of invisibility {unknown}
 k - a potion of heal wounds {unknown}
 l - a potion of attraction {unknown}
 m - a potion of brilliance {unknown}
 q - a potion of degeneration {unknown}
 r - a potion of cancellation {unknown}


   Skills:
 - Level 3.6 Fighting
 + Level 7.7 Axes
 - Level 3.2 Armour
 - Level 3.2 Shields


You had 4 spell levels left.
You didn't know any spells.
Your spell library was empty.

Dungeon Overview and Level Annotations

Branches:
Dungeon (3/15)

Altars:
Makhleb
Trog

Annotations:
D:3 Grinder


Message History

You slash Grinder!
Grinder is heavily wounded.
Grinder hits you.
* * * LOW HITPOINT WARNING * * *
You hit Grinder.
Grinder is heavily wounded.
Grinder barely misses you. Grinder hits you but does no damage.
You closely miss Grinder.
Grinder is heavily wounded.
Grinder gestures at you. You resist with significant effort.
You slash Grinder!
Grinder is severely wounded.
Grinder hits you but does no damage.
You closely miss Grinder.
Grinder is severely wounded.
Grinder blinks!
Grinder gestures at you. Pain shoots through your body!
You die...

######.### ######.# #..
.......# #.. ######## #.. #
#.. # ##..##### ## #
#.......## ..# #
#.#......##### 8.# #
#5..@......$.# ..#
###############.###..###.##.#
..............#. #..###.#..#
#############<#.
#..##....#####
....>...†.....#.
#..##........#
###############.
#..##)..####.# #
#.###.>.....# # #.....#####.#
# ####..# #.#


You could see Grinder.

Vanquished Creatures
  Natasha (thrice) (D:2)
  4 adders
  2 oozes
  3 worms
  3 dart slugs
  4 giant cockroaches
  10 hobgoblins
  5 jackals
  6 kobolds
  A quokka (D:3)
  3 ball pythons
  9 bats
  4 frilled lizards
  8 goblins
  4 rats
69 creatures vanquished.

Notes
Turn   | Place    | Note
-------+----------+-------------------------------------------
     0 | D:1      | HunterMK the Hill Orc Fighter began the quest for the Orb.
     0 | D:1      | Reached XP level 1. HP: 19/19 MP: 1/1
    48 | D:1      | Reached skill level 3 in Axes
   128 | D:1      | Reached XP level 2. HP: 26/26 MP: 2/2
   292 | D:1      | Reached skill level 4 in Axes
   422 | D:1      | Reached XP level 3. HP: 28/31 MP: 3/3
   645 | D:2      | Reached skill level 5 in Axes
   645 | D:2      | Noticed Natasha
   647 | D:2      | Found a bloodstained altar of Trog.
   651 | D:2      | Killed Natasha
   651 | D:2      | Reached XP level 4. HP: 31/39 MP: 4/4
   689 | D:2      | Noticed Natasha
   695 | D:2      | Killed Natasha
   695 | D:2      | Reached skill level 6 in Axes
   760 | D:2      | Noticed Natasha
   770 | D:2      | Killed Natasha
   770 | D:2      | Reached XP level 5. HP: 38/45 MP: 5/5
   989 | D:2      | Found a burning altar of Makhleb.
   989 | D:2      | Noticed an Executioner
   992 | D:2      | Noticed an orange demon
   992 | D:2      | Noticed a ynoxinul
  1089 | D:2      | Reached skill level 7 in Axes
  1893 | D:3      | Noticed Grinder
  1898 | D:3      | Paralysed by Grinder for 7 turns
  1919 | D:3      | Killed from afar by Grinder

Illustrated notes

Levels and vault maps discovered:
D:1:      dpeg_arrival_tiny_i, layout_loops_ring
D:2:      minmay_door_path, layout_rooms, old_standard_altar,
          makhleb_altar_promises_db, uniq_natasha
D:3:      layout_loops_ring, elyvilon_altar_1, uniq_grinder

Skill      XL: |  1  2  3  4  5 |
---------------+----------------+-----
Axes           | 3 4 5 6 7 |  7.7
Fighting       | |  3.6
Armour         | |  3.2
Shields        | |  3.2

Action                   |  1- 3 |  4- 6 || total
-------------------------+-------+-------++-------
Melee: War axe           |    69 |   159 ||   228
Armor: Scale mail        |    34 |    67 ||   101
Dodge: Dodged            |    26 |    35 ||    61
Block: Kite shield       |    38 |    67 ||   105

Table legend: (Time is in decaauts)
 A = Elapsed time spent in this place.
 B = Non-inter-level travel time spent in this place.
 C = Inter-level travel time spent in this place.
 D = Time resting spent in this place.
 E = Time spent auto-exploring this place.
 F = Levels seen in this place.
 G = Mean time per level.
                   A        B        C        D        E       F      G
               +--------+--------+--------+--------+--------+-----+--------+
         Total |   1988 |   1953 |     35 |      0 |   1453 |   3 |  662.7 |
       Dungeon |   1988 |   1953 |     35 |      0 |   1453 |   3 |  662.7 |
               +--------+--------+--------+--------+--------+-----+--------+

Top non-repeatable levels by time:
     D:1: 664 daAuts
     D:3: 663 daAuts
     D:2: 660 daAuts
